 Dungeon Crawl Stone Soup version 0.32-a0-612-g1c984fe9d1 (webtiles) character file.

Game seed: 10484750891625030300

20120 dialectric the Skirmisher (level 12, -8/84 HPs)
             Began as a Coglin Hunter on Mar 5, 2024.
             Mangled by a red devil
             ... wielding a +2 demon trident of flaming
             ... summoned by an orc high priest
              (9 damage)
             ... on level 2 of the Orcish Mines.
             The game lasted 00:33:37 (12679 turns).

dialectric the Skirmisher (Coglin Hunter)          Turns: 12679, Time: 00:33:38

Health: -8/84      AC: 11    Str: 10    XL:     12   Next: 76%
Magic:  14/14      EV: 19    Int:  9    God:
Gold:   1165       SH:  0    Dex: 22    Spells: 12/14 levels left

rFire   . . .        a - +3 sling {Dietrich}
rCold   . . .        d - +0 sling {Kasem}
rNeg    + . .        O - +3 leather armour {Will+}
rPois   .            u - +1 helmet "Vaug Gipn" {-Cast rN+ Str-2 Slay+6}
rElec   .            M - scarf {harm}
rCorr   .            (no gloves)
SInv    .            k - +2 pair of boots
Will    ++...        (amulet unavailable)
Stlth   +++          (ring unavailable)
HPRegen 0.34/turn    (ring unavailable)
MPRegen 0.14/turn    (no gizmo)

%: no spellcasting, harm (+30% outgoing, +20% incoming)
@: spiked, revving
A: off-hand wielding, slow wielding, warmup strikes, no jewellery, frail 1,
strong-willed 1, MP-powered wands
a: Invent Gizmo


You were on level 2 of the Orcish Mines.
You visited 3 branches of the dungeon, and saw 15 of its levels.
You also visited: Ossuary and Ice Cave.

You collected 1265 gold pieces.
You spent 100 gold pieces at shops.

Inventory:

Hand Weapons
 a - a +3 sling (weapon) {Dietrich}
 b - a +3 trident of freezing
 d - a +0 sling (offhand) {Kasem}
 C - a +3 hand axe of freezing
 G - a +2 trident of venom
 N - a +1 hand axe of venom
 T - the +0 rapier of Corruption {speed, rF- rC+ Int+2 Dex+3}
   (You found it in an ice cave)

   Int+2:     It affects your intelligence (+2).
   Dex+3:     It affects your dexterity (+3).
   rF-:       It makes you vulnerable to fire.
   rC+:       It protects you from cold.
Missiles
 i - 2 throwing nets
 y - 26 poisoned darts
 H - 7 curare-tipped darts
Armour
 g - a +0 plate armour
 k - a +2 pair of boots (worn)
 l - a +0 helmet
 u - the +1 helmet "Vaug Gipn" (worn) {-Cast rN+ Str-2 Slay+6}
   (You acquired it on level 5 of the Dungeon)

   Str-2:     It affects your strength (-2).
   Slay+6:    It affects your accuracy & damage with ranged weapons and melee
   (+6).
   rN+:       It protects you from negative energy.
   -Cast:     It prevents spellcasting.
 M - a scarf of harm (worn)
 O - a +3 leather armour of willpower (worn)
 Q - +0 steam dragon scales
Wands
 B - a wand of polymorph (3)
 R - a wand of mindburst (1)
Scrolls
 e - 2 scrolls of poison {unknown}
 j - 3 scrolls of revelation {unknown}
 n - 3 scrolls of immolation {unknown}
 o - 2 scrolls of noise
 p - 3 scrolls of fog {unknown}
 q - a scroll of silence {unknown}
 r - 3 scrolls of teleportation {unknown}
 s - 3 scrolls of fear
 t - 7 scrolls of vulnerability
 w - 5 scrolls of enchant weapon
 x - a scroll of torment
 F - 2 scrolls of brand weapon {unknown}
 I - a scroll of amnesia {unknown}
 U - a scroll of enchant armour
Potions
 c - a potion of enlightenment
 f - 6 potions of heal wounds
 h - 2 potions of magic
 A - 5 potions of lignification
 D - a potion of resistance
 E - 5 potions of attraction
 J - 3 potions of curing
 L - a potion of brilliance {unknown}
 P - 2 potions of haste


   Skills:
 * Level 8.7 Fighting
 + Level 12.6 Ranged Weapons
 - Level 4.1 Armour
 + Level 10.6 Dodging
 - Level 5.1 Stealth
 + Level 1.5 Spellcasting
 + Level 2.3 Evocations


You had 12 spell levels left.
You knew the following spells:

 Your Spells              Type           Power      Damage    Failure   Level
a - Ensorcelled Hibernat  Hex/Ice        0%         N/A       56%         2

Your spell library contained the following spells:

 Spells                   Type           Power      Damage    Failure   Level
 Apportation              Tloc           0%         N/A       43%         1
 Necrotise                Necr           0%         1d4       43%         1
 Sting                    Conj/Alch      0%         1d3       43%         1
 Summon Small Mammal      Summ           0%         N/A       43%         1
 Blink                    Tloc           0%         N/A       56%         2
 Lesser Beckoning         Tloc           0%         N/A       56%         2
 Momentum Strike          Conj/Tloc      0%         3d8       56%         2
 Gell's Gravitas          Tloc           0%         N/A       80%         3
 Passwall                 Erth           0%         N/A       80%         3
 Swiftness                Air            0%         N/A       80%         3
 Teleport Other           Tloc           0%         N/A       80%         3
 Tukima's Dance           Hex            0%         N/A       80%         3
 Dimensional Bullseye     Hex/Tloc       0%         N/A       99%         4
 Iskenderun's Mystic Bla  Conj/Tloc      0%         2d3       99%         4
 Olgreb's Toxic Radiance  Alch           0%         N/A       99%         4
 Ozocubu's Refrigeration  Ice            0%         4d7       100%        7
 Discord                  Hex            0%         N/A       100%        8


Dungeon Overview and Level Annotations

Branches:
Dungeon (12/15)            Temple (0/1) D:7            Lair (1/5) D:9
    Orc (2/2) D:12            Elf (0/3) Orc:2       Ossuary (visited)
  IceCv (visited)

Altars:
Cheibriados
Elyvilon
Hepliaklqana
Qazlal
Ru
Sif Muna
Trog
Uskayaw
Beogh

Shops:
D:9 *

Annotations:
D:8 2 transporters, TheBioAlchemist's ghost, novice CoHu
D:9 Fannar


Innate Abilities, Weirdness & Mutations

You can wield a second weapon in your off-hand.
It takes a long time for you to wield or remove held weapons.
Your first few attacks do less damage.
You cannot equip rings or amulets.
You are frail. (-10% HP)
You are strong-willed. (Will+)
You expend magic power (3 MP) to strengthen your wands.


Message History

The red devil is almost dead.
You shoot a sling bullet. The sling bullet hits the red devil.
The red devil is almost dead.
The red devil hits you from afar with a +2 demon trident of flaming!
More barbed spikes become lodged in your body.
The red devil burns you.
You are too injured to fight recklessly!
Unknown command.
You are too injured to fight recklessly!
Unknown command.
You are too injured to fight recklessly!
Unknown command.
Fire: a) +3 sling {Dietrich}
Press: ? - help, Shift-Dir - straight line, f/p - red devil
Aim: a red devil, wielding a +2 demon trident of flaming (almost dead, summoned, 70% to hit)
You shoot a sling bullet.
The sling bullet hits the red devil but does no damage.
The red devil is almost dead.
You shoot a sling bullet.
The sling bullet hits the red devil but does no damage.
The red devil is almost dead.
The red devil hits you from afar with a +2 demon trident of flaming!
* * * LOW HITPOINT WARNING * * *
More barbed spikes become lodged in your body.
The red devil burns you.
* * * LOW HITPOINT WARNING * * *
Unknown command.
Fire: a) +3 sling {Dietrich}
Press: ? - help, Shift-Dir - straight line, f/p - red devil
Aim: a red devil, wielding a +2 demon trident of flaming (almost dead, summoned, 70% to hit)
You shoot a sling bullet.
The sling bullet closely misses the red devil.
You shoot a sling bullet.
The sling bullet hits the red devil but does no damage.
The red devil is almost dead.
The red devil hits you from afar with a +2 demon trident of flaming!
* * * LOW HITPOINT WARNING * * *
More barbed spikes become lodged in your body.
The red devil burns you!
You die...

.........## ###...### .......
..........#####.....#.# #........
._.......<##.#........###........
........)[##...........##........
.....#...)##......)..............
....##.....#.....................
.....##..........##.......### #.
...#####........###.........## #.
.....##.........@#.......§.4.# #.
.....#...........#.........3.###.
.....).....##).).4....4.[....o.o.
..).........#..........##.....÷..
#..).....####..........#......(.#
#.........# ##........###.#......
####.....## #.>.....## ###....#.
#.....## ###...### ##.....
###..## ###.# #..##.


You could see a red devil (summoned).

Vanquished Creatures
  Snorg (D:12)
  2 two-headed ogres
  An orc knight (Orc:2)
  A deep elf pyromancer (D:12)
  A cyclops (D:12)
  An ugly thing (IceCv)
  2 manticores (D:11)
  2 kobold blastminers (Orc:2)
  2 gargoyles (D:11)
  4 kobold demonologists (D:11)
  A rime drake (D:8)
  3 trolls
  2 wyverns
  2 wraiths
  A vampire (D:9)
  15 yaks
  2 wargs
  2 steam dragons
  A death yak simulacrum (IceCv)
  3 vampire mosquitoes
  Menkaure (D:7)
  Duvessa (D:7)
  A water moccasin (D:9)
  16 orc warriors
  9 ice beasts
  A black bear (D:5)
  A sky beast (D:7)
  5 ogres
  5 wolves (D:9)
  3 phantoms
  7 centaurs
  2 kobold brigands (D:6)
  2 scorpions
  3 bullfrogs
  2 cane toad simulacra (IceCv)
  14 wights
  Dowan (D:7)
  11 killer bees
  2 centaur zombies (Ossuary)
  3 howler monkeys
  2 bombardier beetles (D:4)
  A bullfrog zombie (Ossuary)
  25 orc priests
  A gnoll bouda (D:4)
  A jelly (D:5)
  6 hounds
  4 sleepcaps
  3 iguanas
  3 scorpion zombies (Ossuary)
  20 orc wizards
  A polar bear simulacrum (IceCv)
  2 wolf simulacra (IceCv)
  2 ogre zombies (Ossuary)
  9 gnolls
  11 adders
  4 white imps
  4 ufetubi
  2 adder zombies (Ossuary)
  3 ribbon worms
  A dart slug (D:4)
  71 orcs
  4 ball pythons
  4 endoplasms
  2 giant cockroaches (D:1)
  12 goblins
  9 hobgoblins
  8 jackals
  21 kobolds
  3 quokkas
  4 bats
  7 frilled lizards
  4 gnoll zombies (Ossuary)
  5 goblin zombies (Ossuary)
  2 hobgoblin zombies (Ossuary)
  3 orc zombies (Ossuary)
  5 rats
408 creatures vanquished.

Vanquished Creatures (collateral kills)
  A vampire mosquito (D:11)
1 creature vanquished.

Grand Total: 409 creatures vanquished

Notes
Turn   | Place    | Note
-------+----------+-------------------------------------------
     0 | D:1      | dialectric the Coglin Hunter began the quest for the Orb.
     0 | D:1      | Reached XP level 1. HP: 16/16 MP: 1/1
    93 | D:1      | Reached skill level 1 in Stealth
   100 | D:1      | Reached XP level 2. HP: 22/22 MP: 2/2
   226 | D:1      | Reached XP level 3. HP: 28/28 MP: 3/3
   289 | D:1      | Reached skill level 4 in Ranged Weapons
   806 | D:2      | Reached XP level 4. HP: 24/34 MP: 4/4
  1110 | D:2      | Found a faded altar of an unknown god.
  1880 | D:3      | Reached XP level 5. HP: 40/40 MP: 5/5
  2357 | D:4      | Reached skill level 5 in Ranged Weapons
  2357 | D:4      | Reached XP level 6. HP: 47/47 MP: 6/6
  2939 | D:4      | Reached XP level 7. HP: 52/52 MP: 7/7
  3023 | D:4      | Reached skill level 6 in Ranged Weapons
  3203 | D:4      | Gained mutation: You expend magic power (3 MP) to
                  | strengthen your wands. [potion of mutation]
  3203 | D:4      | Gained mutation: You are strong-willed. (Will+) [potion of
                  | mutation]
  3203 | D:4      | Gained mutation: You are frail. (-10% HP) [potion of
                  | mutation]
  3649 | D:5      | Entered Level 5 of the Dungeon
  3933 | D:5      | Reached skill level 7 in Ranged Weapons
  3951 | D:5      | Found a stormy altar of Qazlal.
  3969 | D:5      | Reached XP level 8. HP: 34/52 MP: 8/8
  4048 | D:5      | Reached skill level 5 in Dodging
  4182 | D:5      | Identified a scroll of acquirement
  4182 | D:5      | Acquired the +1 helmet "Vaug Gipn" {-Cast rN+ Str-2 Slay+6}
  4208 | D:5      | Found a shimmering blue altar of Sif Muna.
  4493 | D:5      | Found a white marble altar of Elyvilon.
  4620 | D:6      | Found a sacrificial altar of Ru.
  4624 | D:6      | Reached skill level 8 in Ranged Weapons
  4735 | D:6      | Found a sand-covered staircase.
  4739 | Ossuary  | Entered an ossuary
  4868 | Ossuary  | Noticed a silent spectre
  5007 | D:6      | Noticed a +0 dagger
  5007 | D:6      | Noticed a +0 dagger
  5008 | D:6      | Found a hide-covered altar of Uskayaw.
  5100 | D:6      | Reached XP level 9. HP: 42/56 MP: 9/9
  5366 | D:6      | Found a bloodstained altar of Trog.
  5793 | D:7      | Reached skill level 9 in Ranged Weapons
  5809 | D:7      | Noticed Dowan
  5811 | D:7      | Noticed Duvessa
  6022 | D:7      | Found a staircase to the Ecumenical Temple.
  6066 | D:7      | Reached skill level 1 in Armour
  6257 | D:7      | Killed Dowan
  6264 | D:7      | Killed Duvessa
  6329 | D:7      | Noticed Menkaure
  6332 | D:7      | Killed Menkaure
  6647 | D:8      | Noticed a two-headed ogre
  6653 | D:8      | Killed a two-headed ogre
  6654 | D:8      | Reached skill level 5 in Stealth
  6654 | D:8      | Reached XP level 10. HP: 53/63 MP: 10/10
  6870 | D:8      | Learned a level 2 spell: Ensorcelled Hibernation
  6983 | D:8      | Found a transporter.
  6984 | D:8      | Noticed TheBioAlchemist's ghost (novice CoHu)
  7426 | D:8      | Found a transporter.
  7705 | D:9      | Reached skill level 10 in Ranged Weapons
  7722 | D:9      | Reached skill level 5 in Fighting
  7847 | D:9      | Found a hazy altar of Hepliaklqana.
  7870 | D:9      | Found Ekoff's Serpentskin Sales.
  7877 | D:9      | Reached XP level 11. HP: 72/72 MP: 11/11
  7887 | D:9      | Bought 6 curare-tipped darts for 100 gold pieces
  7989 | D:9      | Found a staircase to the Lair.
  8393 | D:10     | Entered Level 10 of the Dungeon
  8449 | D:10     | Found a snail-covered altar of Cheibriados.
  8468 | D:10     | Reached skill level 11 in Ranged Weapons
  9011 | D:10     | Noticed a two-headed ogre
  9017 | D:10     | Killed a two-headed ogre
  9551 | D:11     | Noticed a manticore
  9555 | D:11     | Killed a manticore
  9686 | D:11     | Found a frozen archway.
  9741 | IceCv    | Entered an ice cave
  9780 | IceCv    | Noticed a white ugly thing
  9787 | IceCv    | Identified the +0 rapier of Corruption {speed, rF- rC+
                  | Int+2 Dex+3}
  9802 | IceCv    | Killed a white ugly thing
 10152 | D:11     | Reached skill level 12 in Ranged Weapons
 10197 | D:11     | Noticed a manticore
 10202 | D:11     | Killed a manticore
 10275 | D:11     | Reached XP level 12. HP: 68/81 MP: 12/12
 10683 | D:12     | Found a staircase to the Orcish Mines.
 10931 | Lair:1   | Entered Level 1 of the Lair of Beasts
 10931 | Lair:1   | Noticed Fannar
 11117 | D:12     | Noticed Snorg
 11123 | D:12     | Reached skill level 10 in Dodging
 11127 | D:12     | Killed Snorg
 11254 | D:12     | Noticed a boulder beetle
 11409 | Orc:1    | Entered Level 1 of the Orcish Mines
 11813 | Orc:2    | Entered Level 2 of the Orcish Mines
 12022 | Orc:2    | Found a roughly hewn altar of Beogh.
 12049 | Orc:2    | Found a staircase to the Elven Halls.
 12228 | Orc:2    | Reached skill level 1 in Evocations
 12244 | Orc:2    | Reached skill level 1 in Spellcasting
 12561 | Orc:2    | Noticed an orc high priest
 12679 | Orc:2    | HP: 1/84 [red devil/+2 demon trident of flaming[an orc high
                  | priest] (20)]
 12679 | Orc:2    | Mangled by a red devil

Illustrated notes

Levels and vault maps discovered:
D:1:      minmay_arrival_four_loops, layout_loops_ring
D:2:      layout_loops_corners, shapermc_ecumenical_altar_acropolis,
          minmay_tiny_reverse_x
D:3:      layout_rooms, nicolae_wormholes
D:4:      layout_gridville, chequers_mini_garden, st_stairs_6,
          minmay_a_box_with_orc_wizards_in_it
D:5:      layout_loops_ring, marbit_many_paths, mainiacjoe_overflow_paths,
          general_overflow_altar, chequers_serial_rivers_micro_a,
          nicolae_concentric_dashed_squares_wild, minmay_misc_feat_rows
D:6:      layout_basic, mainiacjoe_overflow_concentric_impassable,
          dancing_weapons_uskayaw, nicolae_overflow_crystal_walls,
          nicolae_ossuary_entry_false_entrances, kennysheep_crisscross,
          chequers_serial_rivers_micro_b
D:7:      layout_cave_pools, minmay_temple_entry_drinking_statues,
          nicolae_fountain_basement, uniq_menkaure, uniq_duvessa
D:8:      layout_basic, gammafunk_ghost_arena
D:9:      layout_roguey, overflow_temple_1_default, hellmonk_lair_entry_icy,
          guppyfry_shop_venom
D:10:     layout_stronghold, slow_altar_1
D:11:     layout_cave_pods, portal_ice_cave_entry_pillars_2
D:12:     layout_cross, orc_0_dummy, uniq_snorg
Lair:1:   layout_roguey, grunt_megastairs_3, serial_bayou_shore_b,
          uniq_jeremiah, uniq_fannar
Orc:1:    layout_caves, nicolae_orc_found_a_spring
Orc:2:    st_orc_pillars, layout_diamond_mine, basic_altar

Skill      XL: |  1  2  3  4  5  6  7  8  9 10 11 12 |
---------------+-------------------------------------+-----
Stealth        | 1 2 3 5 |  5.1
Dodging        | 2 3 4 5 6 7 9 10 | 10.6
Ranged Weapons | 4 5 7 8 9 10 12 | 12.6
Fighting       | 3 5 7 8 |  8.7
Armour         | 3 4 |  4.1
Evocations     | 2 |  2.3
Spellcasting   | 1 |  1.5

Action                     |  1- 3 |  4- 6 |  7- 9 | 10-12 || total
---------------------------+-------+-------+-------+-------++-------
   Fire: Sling             |   120 |   270 |   752 |  1046 ||  2188
  Evoke: Wand              |       |       |       |    15 ||    15
    Use: Scroll            |       |     2 |    13 |     8 ||    23
         Potion            |       |       |     4 |     3 ||     7
 Armour: Leather armour    |     6 |    26 |    89 |   131 ||   252
  Dodge: Dodged            |     8 |    24 |   100 |   143 ||   275

Table legend: (Time is in decaauts)
 A = Elapsed time spent in this place.
 B = Non-inter-level travel time spent in this place.
 C = Inter-level travel time spent in this place.
 D = Time resting spent in this place.
 E = Time spent auto-exploring this place.
 F = Levels seen in this place.
 G = Mean time per level.
                   A        B        C        D        E       F      G
               +--------+--------+--------+--------+--------+-----+--------+
         Total |  12710 |  11979 |    731 |   1301 |   7703 |  17 |  747.6 |
       Dungeon |  11189 |  10459 |    730 |   1100 |   6984 |  12 |  932.4 |
          Lair |      4 |      4 |      0 |      0 |      0 |   1 |    4.0 |
  Orcish Mines |   1253 |   1253 |      0 |    201 |    656 |   2 |  626.5 |
       Ossuary |    172 |    172 |      0 |      0 |     41 |   1 |  172.0 |
      Ice Cave |     90 |     90 |      0 |      0 |     22 |   1 |   90.0 |
               +--------+--------+--------+--------+--------+-----+--------+

Top non-repeatable levels by time:
     D:4: 1495 daAuts
    D:11: 1398 daAuts
     D:8: 1204 daAuts
     D:6: 1131 daAuts
    D:10: 1119 daAuts
     D:2: 995 daAuts
     D:5: 838 daAuts
     D:9: 806 daAuts
     D:1: 780 daAuts
   Orc:2: 691 daAuts
     D:7: 683 daAuts
   Orc:1: 561 daAuts
     D:3: 539 daAuts
    D:12: 196 daAuts
 Ossuary: 172 daAuts
